 Dungeon Sprint DCSS version 0.28-a0-247-gb8bfbab023 (webtiles) character file.

Game seed: 13742158493505154628

9700000 MikeHunt the Conqueror (level 27, -14/273 HPs)
             Began as a Minotaur Gladiator on Aug 25, 2021.
             Was the Champion of Makhleb.
             Killed by divine providence
             ... invoked by an accursed
              (16 damage)
             ... in the Dungeon (Sprint VIII: "Arena of Blood").
             The game lasted 00:04:54 (97 turns).

MikeHunt the Conqueror (Minotaur Gladiator)           Turns: 97, Time: 00:04:54

Health: -14/273    AC:  6    Str: 22    XL:     27
Magic:  33/53      EV: 34    Int:  5    God:    Makhleb [******]
Gold:   0          SH:  0    Dex: 22    Spells: 80/80 levels left

rFire   . . .      SeeInvis .   k - +∞ Axe of Woe
rCold   . . .      Faith    .   (shield currently unavailable)
rNeg    . . .      Spirit   .   b - +0 leather armour
rPois   .          Reflect  .   c - +0 hat
rElec   .          Harm     .   (no cloak)
rCorr   .          Rampage  .   (no gloves)
Will    ++...      NoTele   +   (no boots)
Stlth   ++++++++++              (no amulet)
HPRegen 0.55/turn               l - +30 ring of slaying
MPRegen 0.33/turn               m - +30 ring of slaying

@: slowed, very slow
A: horns 2, retaliatory headbutt
a: Renounce Religion, Minor Destruction, Lesser Servant of Makhleb, Major
Destruction, Greater Servant of Makhleb


You were in the Dungeon.
You worshipped Makhleb.
Makhleb was exalted by your worship.
You visited 1 branch

Inventory:

Hand Weapons
 a - a +0 war axe
 k - the +∞ Axe of Woe (weapon)
   (You found it in the Dungeon)
Missiles
 d - 3 throwing nets (quivered)
Armour
 b - a +0 leather armour (worn)
 c - a +0 hat (worn)
Jewellery
 l - a +30 ring of slaying (left hand)
 m - a +30 ring of slaying (right hand)
Scrolls
 j - a scroll of blinking
Potions
 e - a potion of curing
 g - a potion of haste
 h - 2 potions of magic
 i - a potion of berserk rage


   Skills:
 O Level 27 Fighting
 O Level 27 Short Blades
 O Level 27 Long Blades
 O Level 27 Axes
 O Level 27 Maces & Flails
 O Level 27 Polearms
 O Level 27 Staves
 O Level 27 Slings
 O Level 27 Bows
 O Level 27 Crossbows
 O Level 27 Throwing
 O Level 27 Armour
 O Level 27 Dodging
 O Level 27 Stealth
 O Level 27 Shields
 O Level 27 Unarmed Combat
 O Level 27 Spellcasting
 O Level 27 Conjurations
 O Level 27 Hexes
 O Level 27 Summonings
 O Level 27 Necromancy
 O Level 27 Translocations
 O Level 27 Transmutations
 O Level 27 Fire Magic
 O Level 27 Ice Magic
 O Level 27 Air Magic
 O Level 27 Earth Magic
 O Level 27 Poison Magic
 O Level 27 Invocations
 O Level 27 Evocations


You had 80 spell levels left.
You didn't know any spells.
Your spell library was empty.

Dungeon Overview and Level Annotations

Branches:
Dungeon (1/1)

Altars:
Makhleb


Innate Abilities, Weirdness & Mutations

You have a pair of horns on your head.
You reflexively headbutt those who attack you in melee.


Message History

You feel something staring at you.
A bolt of fire appears from out of thin air!
The bolt of fire misses you.
You feel something staring at you.
A bolt of fire appears from out of thin air!
The bolt of fire misses you.
You hear a shout!
The dread throws damnation at you.
The sphere of damnation explodes!
The damnation engulfs you!!!
You hear a shout!
The eight-headed meat hydra calls on the powers of darkness!
The eight-headed meat hydra convulses!
Something is bathed in an unholy light! x3
The bag of meat convulses!
The eight-headed meat hydra convulses!
Your body is wracked with pain!
* * * LOW HITPOINT WARNING * * *
An accursed comes into view.
You feel something staring at you. Something smites you!
* * * LOW HITPOINT WARNING * * *
You feel something staring at you. Something smites you!
* * * LOW HITPOINT WARNING * * *
You feel something staring at you. Something smites you!
* * * LOW HITPOINT WARNING * * *
The tyrant appears out of thin air!
A tyrant comes into view.
You hear a shout! x6; You feel something staring at you.
Something smites you!
* * * LOW HITPOINT WARNING * * *
You hear a shout!
The dread calls on the powers of darkness!
You feel a surge of unholy energy.
The bag of meat convulses!
The eight-headed meat hydra convulses!
Something is bathed in an unholy light! x2
The bag of meat convulses!
Something is bathed in an unholy light!
The eight-headed meat hydra convulses!
You hear a shout!
The accursed casts a spell at you. Something smites you!
You die...

.........###..).......
.#........_))))O......
.......#...))#)).....#
.......#_)<._#.o......
.......#.§)))#§§..○.#.
#.....)))_))))§§§....
.......☼.###)§§§)§...#
....###.§)))W.###.....
... #L§@§○..# ..... .
#D.)o)..# .....
......M☼.§.........
................ ...
........D.{...M#
.............##.
...#........#..
............#..


You could see 2 accurseds, a tyrant (wandering), 2 eight-headed meat hydras, a
dread and 2 bags of meat.

Vanquished Creatures
  Sigmund (D)
  10 hell beasts (D)
  5 royal mummies (D)
  A great orb of eyes (D)
  13 vampire knights (D)
  29 ogres (D)
  5 two-headed ogres (D)
  4 liches (D)
  2 hydras (D)
  50 orcs (D)
  A phantom (D)
  6 skeletal warriors (D)
127 creatures vanquished.

Vanquished Creatures (others)
  3 two-headed ogres (D)
  2 hydras (D)
  An orc (D)
6 creatures vanquished.

Grand Total: 133 creatures vanquished

Notes
Turn   | Place    | Note
-------+----------+-------------------------------------------
     0 | D        | Found the +∞ Axe of Woe
     0 | D        | MikeHunt the Minotaur Gladiator began the quest for the
                  | Orb.
     0 | D        | Reached XP level 1. HP: 18/18 MP: 0/0
     1 | D        | Noticed a bag of meat
     2 | D        | Noticed a bag of meat
     2 | D        | Noticed a bag of meat
     3 | D        | Noticed a bag of meat
     5 | D        | Noticed a bag of meat
     5 | D        | Noticed a bag of meat
     7 | D        | Killed a bag of meat
     8 | D        | Reached skill level 15 in Dodging
     8 | D        | Reached XP level 2. HP: 51/51 MP: 1/1
     8 | D        | Reached XP level 3. HP: 58/58 MP: 2/2
     8 | D        | Reached XP level 4. HP: 66/66 MP: 3/3
     8 | D        | Reached XP level 5. HP: 73/73 MP: 4/4
     8 | D        | Reached XP level 6. HP: 81/81 MP: 5/5
     8 | D        | Reached XP level 7. HP: 88/88 MP: 6/6
     8 | D        | Reached XP level 8. HP: 95/95 MP: 7/7
     8 | D        | Reached XP level 9. HP: 102/102 MP: 8/8
     8 | D        | Reached XP level 10. HP: 111/111 MP: 9/9
     8 | D        | Reached XP level 11. HP: 117/117 MP: 10/10
     8 | D        | Killed a bag of meat
     8 | D        | Killed a bag of meat
     9 | D        | Reached XP level 12. HP: 134/134 MP: 11/11
     9 | D        | Reached XP level 13. HP: 141/141 MP: 12/12
     9 | D        | Became a worshipper of Makhleb the Destroyer
     9 | D        | Noticed a bag of meat
    10 | D        | Killed a bag of meat
    10 | D        | Noticed a bag of meat
    11 | D        | Reached XP level 14. HP: 155/155 MP: 13/13
    11 | D        | Killed a bag of meat
    11 | D        | Reached * piety under Makhleb
    12 | D        | Noticed a bag of meat
    12 | D        | Noticed a bag of meat
    12 | D        | Noticed a bag of meat
    12 | D        | Noticed a bag of meat
    14 | D        | Noticed a bag of meat
    15 | D        | Killed a bag of meat
    15 | D        | Noticed a bag of meat
    16 | D        | Reached XP level 15. HP: 168/168 MP: 13/18
    17 | D        | Noticed a meat berserker
    21 | D        | Reached ** piety under Makhleb
    23 | D        | Noticed a large bag of meat
    23 | D        | Killed a meat berserker
    24 | D        | Reached skill level 27 in Fighting
    24 | D        | Reached skill level 27 in Axes
    24 | D        | Reached XP level 16. HP: 183/183 MP: 14/27
    25 | D        | Noticed a meat berserker
    25 | D        | Noticed a large bag of meat
    25 | D        | Noticed a meat berserker
    26 | D        | Killed a large bag of meat
    26 | D        | Reached *** piety under Makhleb
    27 | D        | Reached skill level 27 in Dodging
    27 | D        | Reached XP level 17. HP: 40/191 MP: 14/30
    27 | D        | Noticed a destroyer
    29 | D        | Killed a destroyer
    30 | D        | Reached skill level 27 in Armour
    30 | D        | Reached XP level 18. HP: 18/200 MP: 15/34
    30 | D        | Noticed a meat berserker
    30 | D        | Noticed a meat berserker
    30 | D        | Noticed a meat berserker
    31 | D        | Noticed a meat berserker
    31 | D        | Noticed a meat berserker
    31 | D        | Noticed a sculptor of flesh
    32 | D        | Noticed a meat berserker
    32 | D        | Noticed a destroyer
    33 | D        | Noticed a sculptor of flesh
    33 | D        | Killed a meat berserker
    33 | D        | Reached **** piety under Makhleb
    33 | D        | Killed a meat berserker
    33 | D        | Noticed a meat berserker
    34 | D        | Reached skill level 27 in Invocations
    34 | D        | Reached XP level 19. HP: 140/207 MP: 16/35
    34 | D        | Killed a meat berserker
    34 | D        | Killed a destroyer
    35 | D        | Reached skill level 27 in Throwing
    35 | D        | Reached XP level 20. HP: 146/216 MP: 16/40
    35 | D        | Reached ***** piety under Makhleb
    36 | D        | Killed a meat berserker
    36 | D        | Killed a meat berserker
    37 | D        | Reached skill level 27 in Stealth
    37 | D        | Reached XP level 21. HP: 224/224 MP: 16/47
    38 | D        | Reached skill level 27 in Spellcasting
    38 | D        | Reached skill level 10 in Slings
    38 | D        | Reached skill level 10 in Unarmed Combat
    38 | D        | Reached ****** piety under Makhleb
    39 | D        | Reached XP level 22. HP: 233/233 MP: 17/52
    39 | D        | Noticed a destroyer
    39 | D        | Noticed a destroyer
    41 | D        | Noticed a destroyer
    42 | D        | Reached skill level 27 in Maces & Flails
    42 | D        | Reached skill level 27 in Polearms
    42 | D        | Reached XP level 23. HP: 240/240 MP: 17/53
    42 | D        | Killed a large bag of meat
    43 | D        | Reached skill level 27 in Slings
    43 | D        | Reached skill level 27 in Unarmed Combat
    43 | D        | Reached skill level 27 in Staves
    43 | D        | Reached skill level 1 in Hexes
    44 | D        | Noticed a destroyer
    46 | D        | Reached skill level 5 in Bows
    46 | D        | Reached skill level 5 in Evocations
    46 | D        | Reached XP level 24. HP: 234/249 MP: 19/53
    46 | D        | Killed a destroyer
    47 | D        | Reached skill level 10 in Bows
    47 | D        | Killed a destroyer
    47 | D        | Noticed a destroyer
    48 | D        | Reached skill level 15 in Shields
    48 | D        | Reached skill level 10 in Conjurations
    48 | D        | Reached skill level 10 in Summonings
    48 | D        | Reached skill level 10 in Necromancy
    48 | D        | Reached skill level 10 in Translocations
    48 | D        | Reached skill level 10 in Fire Magic
    48 | D        | Reached skill level 10 in Ice Magic
    48 | D        | Reached skill level 10 in Air Magic
    48 | D        | Reached skill level 10 in Poison Magic
    48 | D        | Reached XP level 25. HP: 257/257 MP: 19/53
    48 | D        | Noticed a tyrant
    49 | D        | Reached XP level 26. HP: 266/266 MP: 19/53
    50 | D        | Reached skill level 15 in Bows
    50 | D        | Noticed a tyrant
    51 | D        | Reached skill level 15 in Evocations
    54 | D        | Reached skill level 15 in Transmutations
    54 | D        | Reached skill level 15 in Earth Magic
    54 | D        | Reached XP level 27. HP: 273/273 MP: 20/53
    55 | D        | Reached skill level 15 in Conjurations
    55 | D        | Reached skill level 15 in Summonings
    55 | D        | Reached skill level 15 in Necromancy
    55 | D        | Reached skill level 15 in Translocations
    55 | D        | Reached skill level 15 in Fire Magic
    55 | D        | Reached skill level 15 in Ice Magic
    55 | D        | Reached skill level 15 in Air Magic
    55 | D        | Reached skill level 15 in Poison Magic
    55 | D        | Noticed an accursed
    55 | D        | Noticed a tyrant
    56 | D        | Noticed a destroyer
    57 | D        | Killed an accursed
    58 | D        | Reached skill level 15 in Hexes
    61 | D        | Noticed a meat beast
    63 | D        | Killed a tyrant
    64 | D        | Killed a meat beast
    65 | D        | Killed a destroyer
    67 | D        | Killed a tyrant
    67 | D        | Killed a tyrant
    68 | D        | Reached skill level 27 in Shields
    69 | D        | Killed a destroyer
    69 | D        | Killed a destroyer
    70 | D        | Reached skill level 27 in Short Blades
    70 | D        | Reached skill level 27 in Long Blades
    70 | D        | Reached skill level 27 in Crossbows
    70 | D        | Noticed a meat beast
    71 | D        | Noticed The Captor
    73 | D        | Noticed an accursed
    74 | D        | Noticed an accursed
    74 | D        | Noticed a meat beast
    74 | D        | Noticed a large bag of meat
    75 | D        | Killed a destroyer
    75 | D        | Killed a meat beast
    76 | D        | Reached skill level 27 in Bows
    76 | D        | Noticed an accursed
    76 | D        | Noticed a destroyer
    76 | D        | Noticed an accursed
    76 | D        | Noticed a tyrant
    78 | D        | Killed a meat beast
    78 | D        | Killed The Captor
    79 | D        | Reached skill level 27 in Transmutations
    79 | D        | Reached skill level 27 in Earth Magic
    79 | D        | Reached skill level 27 in Evocations
    80 | D        | Reached skill level 27 in Conjurations
    80 | D        | Reached skill level 27 in Summonings
    80 | D        | Reached skill level 27 in Necromancy
    81 | D        | Killed an accursed
    81 | D        | Killed an accursed
    81 | D        | Noticed a large bag of meat
    81 | D        | Noticed a destroyer
    82 | D        | Reached skill level 27 in Hexes
    82 | D        | Reached skill level 27 in Translocations
    82 | D        | Reached skill level 27 in Fire Magic
    82 | D        | Reached skill level 27 in Ice Magic
    82 | D        | Reached skill level 27 in Air Magic
    82 | D        | Reached skill level 27 in Poison Magic
    82 | D        | Noticed a large bag of meat
    83 | D        | Killed a large bag of meat
    83 | D        | Noticed a meat beast
    84 | D        | Noticed a destroyer
    84 | D        | Noticed a meat beast
    85 | D        | Killed a destroyer
    85 | D        | Killed a tyrant
    86 | D        | Noticed a meat beast
    86 | D        | Noticed a meat beast
    87 | D        | Killed a destroyer
    87 | D        | Noticed a meat beast
    88 | D        | Noticed a destroyer
    88 | D        | Noticed a meat beast
    88 | D        | Noticed a meat beast
    88 | D        | Noticed a large bag of meat
    88 | D        | Noticed a dread
    89 | D        | Killed an accursed
    89 | D        | Killed an accursed
    90 | D        | Killed a meat beast
    90 | D        | Killed a large bag of meat
    90 | D        | Killed a destroyer
    90 | D        | Killed a meat beast
    91 | D        | Killed a meat beast
    91 | D        | Killed a meat beast
    91 | D        | Killed a meat beast
    91 | D        | Noticed a destroyer
    91 | D        | Noticed a large bag of meat
    92 | D        | Killed a meat beast
    92 | D        | Killed a large bag of meat
    92 | D        | Killed a meat beast
    93 | D        | Killed a large bag of meat
    93 | D        | Killed a large bag of meat
    93 | D        | Killed a large bag of meat
    95 | D        | Noticed an accursed
    95 | D        | Killed a destroyer
    96 | D        | Killed a destroyer
    96 | D        | Noticed an accursed
    96 | D        | HP: 11/273 [something (11)]
    97 | D        | HP: 2/273 [something (10)]
    97 | D        | Killed from afar by an accursed

Illustrated notes

Levels and vault maps discovered:
D:        meatsprint

Skill      XL: |  1  2  3  4  5  6  7  8  9 10 11 12 13 14 15 16 17 18 19 20 21 22 23 24 25 26 27 |
---------------+----------------------------------------------------------------------------------+-----
Fighting       | 17 20 22 24 27 | 27.0
Axes           | 17 21 22 24 27 | 27.0
Throwing       | 14 18 23 27 | 27.0
Dodging        | 15 19 21 23 26 27 | 27.0
Armour         | 8 19 24 27 | 27.0
Invocations    | 6 16 20 26 27 | 27.0
Stealth        | 16 21 27 | 27.0
Spellcasting   | 12 17 23 27 | 27.0
Maces & Flails | 22 27 | 27.0
Polearms       | 22 27 | 27.0
Slings         | 21 25 27 | 27.0
Unarmed Combat | 21 25 27 | 27.0
Staves         | 27 | 27.0
Short Blades   | 6 14 16 19 27 | 27.0
Long Blades    | 6 14 16 19 27 | 27.0
Bows           | 5 13 14 18 27 | 27.0
Crossbows      | 6 14 16 19 27 | 27.0
Shields        | 7 15 17 21 27 | 27.0
Conjurations   | 4 10 12 14 27 | 27.0
Hexes          | 4 9 11 13 27 | 27.0
Summonings     | 4 10 12 14 27 | 27.0
Necromancy     | 4 10 12 14 27 | 27.0
Translocations | 4 10 12 14 27 | 27.0
Transmutations | 4 11 12 15 27 | 27.0
Fire Magic     | 4 10 12 14 27 | 27.0
Ice Magic      | 4 10 12 14 27 | 27.0
Air Magic      | 4 10 12 14 27 | 27.0
Earth Magic    | 4 11 12 15 27 | 27.0
Poison Magic   | 4 10 12 14 27 | 27.0
Evocations     | 5 12 13 17 27 | 27.0

Action                   |  1- 3 |  4- 6 |  7- 9 | 10-12 | 13-15 | 16-18 | 19-21 | 22-24 | 25-27 || total
-------------------------+-------+-------+-------+-------+-------+-------+-------+-------+-------++-------
Melee: Executioner's axe |     1 |       |       |     1 |     6 |     3 |     5 |     6 |    38 ||    60
Invok: Minor Destruction |       |       |       |       |     1 |       |       |       |       ||     1
  Use: Potion            |       |       |       |       |       |     1 |       |       |       ||     1
Armor: Leather armour    |       |       |       |       |       |       |       |       |     5 ||     5
Dodge: Dodged            |       |       |       |       |       |     1 |       |     2 |     8 ||    11

Table legend: (Time is in decaauts)
 A = Elapsed time spent in this place.
 B = Non-inter-level travel time spent in this place.
 C = Inter-level travel time spent in this place.
 D = Time resting spent in this place.
 E = Time spent auto-exploring this place.
 F = Levels seen in this place.
 G = Mean time per level.
                   A        B        C        D        E       F      G
               +--------+--------+--------+--------+--------+-----+--------+
         Total |     82 |     82 |      0 |      0 |      0 |   1 |   82.0 |
       Dungeon |     82 |     82 |      0 |      0 |      0 |   1 |   82.0 |
               +--------+--------+--------+--------+--------+-----+--------+

Top non-repeatable levels by time:
       D: 82 daAuts
